TOP OF THE 1ST |
Buffalo LightSabres batting - Pitching for Minnesota ManBearPigs : LHP Rob Price
|
Pitching: LHP Rob Price
|
|
Batting: LHB Matt Ruskin
|
0-0: Ball 1-0: SINGLE (Line Drive, 34D)
|
Batting: RHB Gabriel Ángel
|
0-0: Ball 1-0: Fly out, F8 (Flyball, 89M)
|
Batting: LHB Zack Payton
|
0-0: Ball Pickoff Throw by Catcher to First - Out! 1-0: Ball 2-0: Called Strike 2-1: Ball 3-1: Called Strike 3-2: SOLO HOME RUN (Flyball, 9D), Distance : 382 ft
|
Batting: RHB John Warren
|
0-0: Foul Ball, location: 2F 0-1: Hit by Pitch, AND HE CHARGES THE MOUND! The benches clear!
|
Pitching: RHP Gabriel McDaniel
|
|
Pinch Runner at 1st Mario Solís:
|
|
Batting: LHB Craig Kenney
|
0-0: Called Strike 0-1: Ball 1-1: Ball 2-1: Swinging Strike 2-2: Ball 3-2: Foul Ball, location: 2F 3-2: Base on Balls Mario Solís to second
|
Batting: LHB Leslie Adams
|
0-0: SINGLE (Groundball, 56D) Mario Solís to third Craig Kenney to second Runner from 3rd tries for Home, SAFE, no throw
|
Batting: SHB Clifton Hampton
|
0-0: Ball Craig Kenney is caught stealing 3rd base
|
Top of the 1st over - 2 run(s), 3 hit(s), 0 error(s), 0 left on base; Buffalo 2 - Minnesota 0 |
BOTTOM OF THE 1ST |
Minnesota ManBearPigs batting - Pitching for Buffalo LightSabres : RHP Stan Payne
|
Pitching: RHP Stan Payne
|
|
Now in LF: Mario Solís
|
|
Batting: RHB Carlos López
|
0-0: Ball 1-0: Ball 2-0: Ball 3-0: Base on Balls
|
Batting: RHB Ben Barker
|
0-0: Ball 1-0: Ball 2-0: Foul Ball, location: 2F 2-1: Ball 3-1: Foul Ball, location: 2F 3-2: Base on Balls Carlos López to second
|
Batting: RHB Jeffrey Hicks
|
0-0: Called Strike 0-1: Ball 1-1: TRIPLE (Flyball, 89D) Carlos López scores Ben Barker scores
|
Batting: RHB Ryosei Yamamoto
|
0-0: Called Strike 0-1: Called Strike 0-2: Strikes out swinging
|
Batting: RHB Tom Hicks
|
0-0: Foul Ball, location: 2F 0-1: Fly out, F9 (Flyball, 9LS)
|
Batting: RHB Martín Pérez
|
0-0: Called Strike 0-1: Ground out 5-3 (Groundball, 56)
|
Bottom of the 1st over - 2 run(s), 1 hit(s), 0 error(s), 1 left on base; Buffalo 2 - Minnesota 2 |
TOP OF THE 2ND |
Buffalo LightSabres batting - Pitching for Minnesota ManBearPigs : RHP Gabriel McDaniel
|
Batting: SHB Clifton Hampton
|
0-0: Ball 1-0: Foul Ball, location: 2F 1-1: Called Strike 1-2: Strikes out swinging
|
Batting: RHB Augusto Padilla
|
0-0: Ball 1-0: Foul Ball, location: 2F 1-1: Ball 2-1: Foul Ball, location: 2F 2-2: Strikes out swinging
|
Batting: RHB Pedro Romero
|
0-0: Ball 1-0: Ball 2-0: Swinging Strike 2-1: Foul Ball, location: 2F 2-2: Ball 3-2: Foul Ball, location: 2F 3-2: Strikes out swinging
|
Top of the 2nd over - 0 run(s), 0 hit(s), 0 error(s), 0 left on base; Buffalo 2 - Minnesota 2 |
BOTTOM OF THE 2ND |
Minnesota ManBearPigs batting - Pitching for Buffalo LightSabres : RHP Stan Payne
|
Batting: RHB Luis Maldonado
|
0-0: Fly out, F8 (Flyball, 8RM)
|
Batting: RHB Nicoli Turina
|
0-0: Ball 1-0: Foul Ball, location: 2F 1-1: Fly out, F7 (Flyball, 7)
|
Batting: RHB Jaime Hernández
|
0-0: Foul Ball, location: 2F 0-1: Fly out, F9 (Flyball, 9LS)
|
Bottom of the 2nd over - 0 run(s), 0 hit(s), 0 error(s), 0 left on base; Buffalo 2 - Minnesota 2 |
TOP OF THE 3RD |
Buffalo LightSabres batting - Pitching for Minnesota ManBearPigs : RHP Gabriel McDaniel
|
Batting: LHB Matt Ruskin
|
0-0: Called Strike 0-1: Ball 1-1: Foul Ball, location: 2F 1-2: Foul Ball, location: 2F 1-2: Foul Ball, location: 2F 1-2: Ball 2-2: Ground out U3 (Groundball, 34)
|
Batting: RHB Gabriel Ángel
|
0-0: Called Strike 0-1: TRIPLE (Line Drive, 78M)
|
Batting: LHB Zack Payton
|
0-0: Called Strike 0-1: Ball 1-1: Fly out, F7 (Flyball, 7S)
|
Batting: RHB Mario Solís
|
0-0: Ball 1-0: Ball 2-0: Foul Ball, location: 2F 2-1: Foul Ball, location: 2F 2-2: Strikes out swinging
|
Top of the 3rd over - 0 run(s), 1 hit(s), 0 error(s), 1 left on base; Buffalo 2 - Minnesota 2 |
BOTTOM OF THE 3RD |
Minnesota ManBearPigs batting - Pitching for Buffalo LightSabres : RHP Stan Payne
|
Batting: RHB Carlos López
|
0-0: Foul Ball, location: 2F 0-1: Ground out 4-3 (Groundball, 4)
|
Batting: RHB Ben Barker
|
0-0: Foul Ball, location: 2F 0-1: Ball 1-1: Foul Ball, location: 2F 1-2: Strikes out swinging
|
Batting: RHB Jeffrey Hicks
|
0-0: Foul Ball, location: 2F 0-1: Ground out 6-3 (Groundball, 6S)
|
Bottom of the 3rd over - 0 run(s), 0 hit(s), 0 error(s), 0 left on base; Buffalo 2 - Minnesota 2 |
TOP OF THE 4TH |
Buffalo LightSabres batting - Pitching for Minnesota ManBearPigs : RHP Gabriel McDaniel
|
Batting: LHB Craig Kenney
|
0-0: Ball 1-0: Swinging Strike 1-1: Ball 2-1: Swinging Strike 2-2: Strikes out swinging
|
Batting: LHB Leslie Adams
|
0-0: Ball 1-0: Ball 2-0: Foul Ball, location: 2F 2-1: Fly out, F6 (Flyball, 6D)
|
Batting: SHB Clifton Hampton
|
0-0: Ball 1-0: Swinging Strike 1-1: Swinging Strike 1-2: Strikes out swinging
|
Top of the 4th over - 0 run(s), 0 hit(s), 0 error(s), 0 left on base; Buffalo 2 - Minnesota 2 |
BOTTOM OF THE 4TH |
Minnesota ManBearPigs batting - Pitching for Buffalo LightSabres : RHP Stan Payne
|
Batting: RHB Ryosei Yamamoto
|
0-0: Called Strike 0-1: Ball 1-1: Ball 2-1: Hit by Pitch
|
Pinch Runner at 1st Pedro López:
|
|
Batting: RHB Tom Hicks
|
0-0: Ball 1-0: Ball 2-0: Called Strike 2-1: Ball 3-1: Swinging Strike 3-2: SINGLE (Line Drive, 89S) Pedro López to second Pedro López to third
|
Batting: RHB Martín Pérez
|
0-0: Swinging Strike 0-1: Called Strike 0-2: Ball 1-2: Hit by Pitch Tom Hicks to second
|
Batting: RHB Luis Maldonado
|
0-0: Ball 1-0: Fly out, F7 (Flyball, 7S) Runner from 3rd tags up, SCORES, throw made
|
Batting: RHB Nicoli Turina
|
0-0: Foul Ball, location: 2F 0-1: Foul Ball, location: 2F 0-2: Grounds into double play, 6-4-3 (Groundball, 56D)
|
Bottom of the 4th over - 1 run(s), 1 hit(s), 0 error(s), 1 left on base; Buffalo 2 - Minnesota 3 |
TOP OF THE 5TH |
Buffalo LightSabres batting - Pitching for Minnesota ManBearPigs : RHP Gabriel McDaniel
|
Pitching: RHP Brad White
|
|
Now in LF: Pedro López
|
|
Batting: RHB Augusto Padilla
|
0-0: SOLO HOME RUN (Flyball, 7D), Distance : 401 ft
|
Batting: RHB Pedro Romero
|
0-0: SINGLE (Line Drive, 6MD)
|
Batting: LHB Matt Ruskin
|
0-0: Called Strike 0-1: Swinging Strike 0-2: Strikes out looking
|
Batting: RHB Gabriel Ángel
|
0-0: Called Strike 0-1: Called Strike 0-2: Ball 1-2: Ball 2-2: Strikes out swinging
|
Batting: LHB Zack Payton
|
0-0: Ball 1-0: Called Strike 1-1: Foul Ball, location: 2F 1-2: Ball 2-2: Strikes out looking
|
Top of the 5th over - 1 run(s), 2 hit(s), 0 error(s), 1 left on base; Buffalo 3 - Minnesota 3 |
BOTTOM OF THE 5TH |
Minnesota ManBearPigs batting - Pitching for Buffalo LightSabres : RHP Stan Payne
|
Batting: RHB Jaime Hernández
|
0-0: Foul Ball, location: 2F 0-1: Foul Ball, location: 2F 0-2: Strikes out looking
|
Batting: RHB Carlos López
|
0-0: Ball 1-0: Ball 2-0: Ball 3-0: Called Strike 3-1: Fly out, F9 (Flyball, 9LM)
|
Batting: RHB Ben Barker
|
0-0: Fly out, F6 (Popup, 6D)
|
Bottom of the 5th over - 0 run(s), 0 hit(s), 0 error(s), 0 left on base; Buffalo 3 - Minnesota 3 |
TOP OF THE 6TH |
Buffalo LightSabres batting - Pitching for Minnesota ManBearPigs : RHP Brad White
|
Batting: RHB Mario Solís
|
0-0: Ball 1-0: Called Strike 1-1: Called Strike 1-2: Strikes out swinging
|
Batting: LHB Craig Kenney
|
0-0: Ball 1-0: Foul Ball, location: 2F 1-1: Foul Ball, location: 2F 1-2: Ball 2-2: Ground out 4-3 (Groundball, 4D)
|
Batting: LHB Leslie Adams
|
0-0: Ball 1-0: Foul Ball, location: 2F 1-1: Ball 2-1: Called Strike 2-2: Strikes out swinging
|
Top of the 6th over - 0 run(s), 0 hit(s), 0 error(s), 0 left on base; Buffalo 3 - Minnesota 3 |
BOTTOM OF THE 6TH |
Minnesota ManBearPigs batting - Pitching for Buffalo LightSabres : RHP Stan Payne
|
Batting: RHB Jeffrey Hicks
|
0-0: Ball 1-0: Foul Ball, location: 2F 1-1: Foul Ball, location: 2F 1-2: Foul Ball, location: 2F 1-2: Foul Ball, location: 2F 1-2: Hit by Pitch
|
Batting: RHB Pedro López
|
0-0: Called Strike 0-1: Fielders Choice at 2nd, 5-4 (Groundball, 5D)
|
Batting: RHB Tom Hicks
|
0-0: Called Strike Pedro López steals 2nd base 0-1: Swinging Strike 0-2: Foul Ball, location: 2F 0-2: Ball 1-2: Strikes out swinging
|
Batting: RHB Martín Pérez
|
0-0: Hit by Pitch
|
Batting: RHB Luis Maldonado
|
0-0: Foul Ball, location: 2F 0-1: Ball 1-1: Ball 2-1: Called Strike 2-2: Strikes out looking
|
Bottom of the 6th over - 0 run(s), 0 hit(s), 0 error(s), 2 left on base; Buffalo 3 - Minnesota 3 |
TOP OF THE 7TH |
Buffalo LightSabres batting - Pitching for Minnesota ManBearPigs : RHP Brad White
|
Batting: SHB Clifton Hampton
|
0-0: SINGLE (Groundball, 34D)
|
Pinch Hitting: LHB Garrett King
|
0-0: Ball Throwing error on steal attempt, E2 Clifton Hampton to third 1-0: Intentional Walk
|
Pinch Hitting: SHB Barrett Bowden
|
0-0: Ball 1-0: Ball 2-0: Ground out 4-3 (Groundball, 4MS) Garrett King to second
|
Pinch Hitting: LHB Rob Davidson
|
0-0: Called Strike 0-1: Foul Ball, location: 2F 0-2: Fly out, F2 (Popup, 2L)
|
Batting: RHB Gabriel Ángel
|
0-0: Swinging Strike 0-1: Fly out, F9 (Flyball, 9LS)
|
Top of the 7th over - 0 run(s), 1 hit(s), 1 error(s), 2 left on base; Buffalo 3 - Minnesota 3 |
BOTTOM OF THE 7TH |
Minnesota ManBearPigs batting - Pitching for Buffalo LightSabres : RHP Stan Payne
|
Now at 2B: Huub Stolk
|
|
Now at 3B: Abraham Hardy
|
|
Now at SS: Jason Mason
|
|
Batting: RHB Nicoli Turina
|
0-0: Foul Ball, location: 2F 0-1: DOUBLE (Line Drive, 7LS)
|
Pinch Hitting: SHB William Hamilton
|
0-0: Ball 1-0: Called Strike 1-1: Fly out, F7 (Flyball, 7LS)
|
Pinch Hitting: LHB Colm Massey
|
0-0: Intentional Walk
|
Batting: RHB Ben Barker
|
0-0: Ball 1-0: Ball 2-0: Ball 3-0: Base on Balls Nicoli Turina to third Colm Massey to second
|
Pitching: RHP Travis Whitney
|
|
Batting: RHB Jeffrey Hicks
|
0-0: Called Strike 0-1: Ball 1-1: Swinging Strike 1-2: Foul Ball, location: 2F 1-2: Ball 2-2: Grounds into fielders choice 6-2 (Groundball, 56) Colm Massey to third Ben Barker to second
|
Pinch Hitting: LHB Ramiro Muñóz
|
0-0: Called Strike 0-1: Ground out U3 (Groundball, 34)
|
Bottom of the 7th over - 0 run(s), 1 hit(s), 0 error(s), 3 left on base; Buffalo 3 - Minnesota 3 |
TOP OF THE 8TH |
Buffalo LightSabres batting - Pitching for Minnesota ManBearPigs : RHP Brad White
|
Now at 3B: Ramiro Muñóz
|
|
Now in LF: Carlos Luna
|
|
Now in RF: Colm Massey
|
|
Batting: LHB Zack Payton
|
0-0: Called Strike 0-1: Foul Ball, location: 2F 0-2: Ball 1-2: Foul Ball, location: 2F 1-2: SINGLE (Line Drive, 56D)
|
Batting: RHB Mario Solís
|
0-0: Ball 1-0: Ball 2-0: Foul Ball, location: 2F 2-1: Foul Ball, location: 2F 2-2: SINGLE (Popup, 13S) Zack Payton to second Runner from 2nd tries for 3rd, SAFE, no throw
|
Batting: LHB Craig Kenney
|
0-0: Ball 1-0: Ball 2-0: Foul Ball, location: 2F 2-1: Foul Ball, location: 2F 2-2: Strikes out swinging
|
Pitching: RHP Claudio Ramírez
|
|
Batting: LHB Leslie Adams
|
0-0: Swinging Strike 0-1: Ball 1-1: Called Strike 1-2: Foul Ball, location: 2F 1-2: Strikes out looking
|
Batting: SHB Clifton Hampton
|
0-0: Called Strike 0-1: Foul Ball, location: 2F 0-2: Ball 1-2: Ball 2-2: Strikes out looking
|
Top of the 8th over - 0 run(s), 2 hit(s), 0 error(s), 2 left on base; Buffalo 3 - Minnesota 3 |
BOTTOM OF THE 8TH |
Minnesota ManBearPigs batting - Pitching for Buffalo LightSabres : RHP Travis Whitney
|
Batting: RHB Tom Hicks
|
0-0: Ball 1-0: Ground out 6-3 (Groundball, 56)
|
Pinch Hitting: RHB Ichizo Akiyama
|
0-0: Ground out 5-3 (Groundball, 56S)
|
Pinch Hitting: RHB Chris Burrell
|
0-0: Called Strike 0-1: Foul Ball, location: 2F 0-2: Ball 1-2: Strikes out swinging
|
Bottom of the 8th over - 0 run(s), 0 hit(s), 0 error(s), 0 left on base; Buffalo 3 - Minnesota 3 |
TOP OF THE 9TH |
Buffalo LightSabres batting - Pitching for Minnesota ManBearPigs : RHP Claudio Ramírez
|
Pitching: RHP Renaldo Quilh
|
|
Now at 1B: Chris Burrell
|
|
Now at SS: Ichizo Akiyama
|
|
Batting: RHB Abraham Hardy
|
0-0: Called Strike 0-1: Called Strike 0-2: Strikes out swinging
|
Batting: SHB Jason Mason
|
0-0: Called Strike 0-1: Foul Ball, location: 2F 0-2: Ball 1-2: Foul Ball, location: 2F 1-2: SINGLE (Groundball, 6MD)
|
Batting: RHB Huub Stolk
|
0-0: Called Strike 0-1: Ball 1-1: Fly out, F9 (Flyball, 9LMF)
|
Batting: RHB Gabriel Ángel
|
0-0: Swinging Strike 0-1: Called Strike 0-2: Ball Jason Mason steals 2nd base 1-2: Foul Ball, location: 2F 1-2: Strikes out swinging
|
Top of the 9th over - 0 run(s), 1 hit(s), 0 error(s), 1 left on base; Buffalo 3 - Minnesota 3 |
BOTTOM OF THE 9TH |
Minnesota ManBearPigs batting - Pitching for Buffalo LightSabres : RHP Travis Whitney
|
Pitching: RHP Raymond Gibbons
|
|
Pinch Hitting: RHB Jorge Mora
|
0-0: Called Strike 0-1: Called Strike 0-2: SINGLE (Line Drive, 6MD)
|
Pinch Hitting: RHB Chris Jones
|
0-0: Called Strike 0-1: Foul Ball, location: 2F 0-2: Ball 1-2: SINGLE (Flyball, 9LS) Jorge Mora to second Runner from 2nd tries for 3rd, SAFE, no throw
|
Batting: LHB Colm Massey
|
0-0: Ball 1-0: Foul Ball, location: 2F 1-1: Grounds into double play, 1-6-3 (Groundball, P)
|
Batting: RHB Ben Barker
|
0-0: Ball 1-0: Called Strike 1-1: SINGLE (Line Drive, 6MD) Jorge Mora scores
|
Tuesday, August 8th, 2017 - OOTP Baseball 17.12 Build 75
|
|